 Dungeon Crawl Stone Soup version 0.24.0-37-gcf1ca852f1 (webtiles) character file.

Game seed: 9480132764879895102, levelgen mode: deterministic

39 FishyPogo the Charmwright (level 3, 0/31 HPs)
             Began as a Gnoll Skald on Dec 8, 2019.
             Slain by a goblin
             ... wielding a +3 dagger
             ... led by Robin
              (11 damage)
             ... on level 2 of the Dungeon.
             The game lasted 00:01:43 (549 turns).

FishyPogo the Charmwright (Gnoll Skald)              Turns: 549, Time: 00:01:44

Health: 0/31       AC:  4    Str: 14    XL:     3   Next: 45%
Magic:  6/9        EV: 14    Int: 15    God:
Gold:   53         SH:  0    Dex: 14    Spells: 1/12 levels left

rFire    . . .     SeeInvis .   a - +0 hand axe
rCold    . . .     Gourm    .   (no shield)
rNeg     . . .     Faith    .   b - +0 leather armour
rPois    .         Spirit   .   g - +0 helmet (curse)
rElec    .         Reflect  .   (no cloak)
rCorr    .         Harm     .   (no gloves)
MR       .....                  (no boots)
Stlth    +.........             (no amulet)
HPRegen  0.10/turn              (no ring)
MPRegen  0.11/turn              (no ring)

@: singing
A: distributed training, fangs 1, strong nose
a: no special abilities


You were on level 2 of the Dungeon.
You were not hungry.

You visited 1 branch of the dungeon, and saw 2 of its levels.

You collected 53 gold pieces.

Inventory:

Hand Weapons
 a - a +0 hand axe (weapon)
Missiles
 j - 2 throwing nets (quivered)
Armour
 b - a +0 leather armour (worn)
 g - a cursed +0 helmet (worn)
Scrolls
 e - 3 scrolls of identify {unknown}
 h - a scroll of teleportation {unknown}
 i - 2 scrolls of fear {unknown}
Potions
 f - a potion of magic {unknown}
 k - a potion of brilliance {unknown}
Comestibles
 d - 4 rations


   Skills:
 + Level 4.5 Fighting
 + Level 0.7 Short Blades
 + Level 0.7 Long Blades
 + Level 4.5 Axes
 + Level 0.7 Maces & Flails
 + Level 0.7 Polearms
 + Level 0.7 Staves
 + Level 0.7 Slings
 + Level 0.7 Bows
 + Level 0.7 Crossbows
 + Level 0.7 Throwing
 + Level 2.6 Armour
 + Level 4.5 Dodging
 + Level 0.7 Stealth
 + Level 0.7 Shields
 + Level 0.7 Unarmed Combat
 + Level 5.0 Spellcasting
 + Level 0.5 Conjurations
 + Level 0.5 Hexes
 + Level 5.4 Charms
 + Level 0.5 Summonings
 + Level 0.5 Necromancy
 + Level 0.5 Translocations
 + Level 0.5 Transmutations
 + Level 0.5 Fire Magic
 + Level 0.5 Ice Magic
 + Level 0.5 Air Magic
 + Level 0.5 Earth Magic
 + Level 0.5 Poison Magic
 + Level 0.9 Invocations
 + Level 0.7 Evocations


You had one spell level left.
You knew the following spells:

 Your Spells              Type           Power        Failure   Level  Hunger
h - Regeneration          Chrm/Necr      ##........   19%         3    ###....
n - Spectral Weapon       Hex/Chrm       ##......     19%         3    ###....
p - Shroud of Golubria    Chrm/Tloc      ##....       9%          2    ##.....
u - Song of Slaying       Chrm           ###.....     3%          2    ##.....
y - Infusion              Chrm           ###.         2%          1    None

Your spell library contained the following spells:

 Spells                   Type           Power        Failure   Level  Hunger


Dungeon Overview and Level Annotations

Branches:
Dungeon (2/15)

Altars:

Annotations:
D:2 Robin


Innate Abilities, Weirdness & Mutations

Your experience applies equally to all skills.
You have very sharp teeth.
Your uncanny sense of smell can sniff out nearby items.


Message History

You hit the goblin.
You kill the goblin!
Robin throws the goblin at you! The goblin hits you with a +3 dagger.
The goblin completely misses you.
Unknown command.
You closely miss the goblin.
The goblin is moderately wounded.
You hit the goblin. The goblin closely misses you.
The goblin barely misses you.
Unknown command.
You hit the goblin.
The goblin is severely wounded.
You slash the goblin!
You kill the goblin!
The goblin hits you with a +3 dagger.
Unknown command.
You barely miss the goblin.
The goblin is severely wounded.
You closely miss the goblin. The goblin hits you with a +3 dagger!
You die...

... . ... ..
#.. ... #.## .
.< ...
...#.###.#
.>....)gg#
.....gggg#
.....###@#
..######.#
#......#
#......######
+............
#......######
#......#######
#......#......
##............


You could see a hobgoblin and 5 goblins.

Vanquished Creatures
  A gnoll (D:1)
  3 dart slugs (D:1)
  2 leopard geckos (D:1)
  A bat (D:1)
  6 goblins
  4 hobgoblins (D:1)
  3 rats (D:1)
20 creatures vanquished.

Notes
Turn   | Place    | Note
-------+----------+-------------------------------------------
     0 | D:1      | FishyPogo the Gnoll Skald began the quest for the Orb.
     0 | D:1      | Reached XP level 1. HP: 20/20 MP: 6/6
   106 | D:1      | Reached XP level 2. HP: 26/26 MP: 7/7
   120 | D:1      | Learned a level 2 spell: Song of Slaying
   123 | D:1      | Learned a level 2 spell: Shroud of Golubria
   217 | D:1      | Reached skill level 5 in Spellcasting
   217 | D:1      | Reached XP level 3. HP: 16/31 MP: 2/9
   222 | D:1      | Learned a level 3 spell: Regeneration
   226 | D:1      | Learned a level 3 spell: Spectral Weapon
   537 | D:2      | Noticed Robin
   549 | D:2      | Slain by a goblin

Levels and vault maps discovered:
D:1:      minmay_arrival_checkered_box, layout_rooms
D:2:      wander_river, layout_basic, nemelex_xobeh_ov_fountains_minmay,
          tso_oasis_becter, nicolae_overflow_hidden_temple,
          nicolae_overflow_crystal_walls, first_ration, uniq_robin

Skill      XL: |  1  2 |
---------------+-------+-----
Spellcasting   | 5 |  5.0
Fighting       | |  4.5
Short Blades   | |  0.7
Long Blades    | |  0.7
Axes           | |  4.5
Maces & Flails | |  0.7
Polearms       | |  0.7
Staves         | |  0.7
Slings         | |  0.7
Bows           | |  0.7
Crossbows      | |  0.7
Throwing       | |  0.7
Armour         | |  2.6
Dodging        | |  4.5
Stealth        | |  0.7
Shields        | |  0.7
Unarmed Combat | |  0.7
Conjurations   | |  0.5
Hexes          | |  0.5
Charms         | |  5.4
Summonings     | |  0.5
Necromancy     | |  0.5
Translocations | |  0.5
Transmutations | |  0.5
Fire Magic     | |  0.5
Ice Magic      | |  0.5
Air Magic      | |  0.5
Earth Magic    | |  0.5
Poison Magic   | |  0.5
Invocations    | |  0.9
Evocations     | |  0.7

Action                   || total
-------------------------++-------
Melee: Hand axe          ||    53
       Bite              ||     4
 Cast: Shroud of Golubri ||     3
       Song of Slaying   ||     3
       Infusion          ||     1
Armor: Leather armour    ||    13
Dodge: Dodged            ||    42
